Map: Ascension to Aiur LE

Players

더랻망더

  • Race: Zerg Zerg
  • League: Diamond
  • Spawn Location: 11:00

FLORENCIO - Winner!

  • Race: Protoss Protoss
  • League: Diamond
  • Spawn Location: 5:00

VOD

Have the link to the VOD?

Description

Time

  • Played on: Dec. 29, 2017, 10:52 p.m.
  • Length: 6:31
Show
View Real Time Build Order
Export as new Build Order

더랻망더 Zerg 

Build Orders: Hatch First, Ravager All-In 

Get SALT Encoding   

  12  0:01  Drone  
  13  0:13  Overlord  
  13  0:17  Drone  
  14  0:32  Drone x2  
  16  0:36  Drone  
  17  0:54  Hatchery  
  17  0:56  Drone  
  17  1:17  Drone  
  18  1:18  Spawning Pool  
  18  1:20  Extractor  
  18  1:24  Drone  
  17  1:33  Drone  
  18  1:46  Drone  
  19  2:05  Queen, Zergling x2  
  19  2:06  Zergling x4, Extractor  
  23  2:12  Overlord  
  23  2:31  Roach Warren, Drone  
  23  2:56  Overlord  
  23  3:15  Roach x2  
  23  3:16  Roach  
  31  3:27  Roach  
  31  3:38  Extractor  
  30  3:41  Roach  
  30  3:46  Ravager x3  
  30  3:48  Roach  
  34  4:04  Extractor  
  34  4:06  Ravager  
  34  4:09  Lair  
  33  4:13  Overlord  
  33  4:15  Drone  
  34  4:22  Evolution Chamber  
  34  4:37  Ravager  
  32  4:55  Extractor  
  28  5:02  Roach  
  28  5:03  Zergling x4  
  29  5:07  Zergling x2  
  29  5:08  Zergling x4  
  29  5:12  Zergling x2  
  29  5:13  Zergling x4  
  33  5:27  Spine Crawler  
  33  5:44  Zergling x8  
Show
View Real Time Build Order
Export as new Build Order

FLORENCIO Protoss - Winner!

Build Orders: Cannon Rush 

Get SALT Encoding   

  12  0:01  Probe  
  13  0:13  Probe  
  14  0:21  Pylon  
  14  0:25  Probe (Chrono Boost)  
  15  0:40  Probe (Chrono Boost)  
  16  0:46  Probe, Forge  
  17  0:58  Probe  
  18  1:06  Assimilator  
  18  1:09  Assimilator  
  18  1:13  Probe  
  19  1:19  Gateway  
  19  1:28  Pylon  
  19  1:36  Probe (Chrono Boost)  
  20  1:47  Photon Cannon  
  20  1:48  Photon Cannon  
  20  1:57  Photon Cannon  
  20  2:14  Probe (Chrono Boost)  
  21  2:19  Cybernetics Core  
  22  2:23  Probe (Chrono Boost)  
  22  2:29  Pylon  
  22  2:36  Photon Cannon  
  22  2:49  Pylon  
  22  2:55  Shield Battery  
  22  2:59  Robotics Facility  
  22  3:02  Probe  
  23  3:12  Shield Battery  
  23  3:15  Probe (Chrono Boost)  
  24  3:25  Probe (Chrono Boost)  
  25  3:32  Pylon  
  25  3:47  Immortal (Chrono Boost)  
  29  3:50  Shield Battery  
  29  4:03  Stargate  
  29  4:23  Immortal (Chrono Boost)  
  33  4:47  Void Ray (Chrono Boost)  
  37  4:55  Immortal  
  41  5:27  Void Ray (Chrono Boost)  
  41  5:28  Pylon  
  45  5:49  Immortal  
Tags
 
Add a new tag
Caveats
  • Supply blocks, unpowered buildings, or Contaminate may cause inaccurate times.
  • Supply counts are checked every 10 seconds.